 Dungeon Crawl Stone Soup version 0.29.0-15-g675c0067aa (webtiles) character file.

Game seed: 14221447922913810225

290 writerjack the Cleaver (level 6, -5/51 HPs)
             Began as a Minotaur Berserker on Sept 11, 2022.
             Was a Priest of Trog.
             Slain by Grinder (9 damage)
             ... on level 4 of the Dungeon.
             The game lasted 00:10:03 (3498 turns).

writerjack the Cleaver (Minotaur Berserker)         Turns: 3498, Time: 00:10:04

Health: -5/51      AC:  6    Str: 24    XL:     6   Next: 9%
Magic:  5/5        EV: 11    Int:  4    God:    Trog [***...]
Gold:   107        SH:  0    Dex:  9    Spells: 5/5 levels left

rFire   . . .      SeeInvis .   n - +0 war axe
rCold   . . .      Faith    .   (no shield)
rNeg    . . .      Spirit   .   t - +0 leather armour {rPois}
rPois   +          Reflect  .   (helmet restricted)
rElec   .          Harm     .   (no cloak)
rCorr   .          Rampage  .   (no gloves)
Will    .....                   i - +2 pair of boots
Stlth   +.........              (no amulet)
HPRegen 0.17/turn               (no ring)
MPRegen 0.09/turn               (no ring)

@: on berserk cooldown, slowed, very slow
A: horns 2, retaliatory headbutt
a: Renounce Religion, Berserk, Trog's Hand


You were on level 4 of the Dungeon.
You worshipped Trog.
Trog was most pleased with you.
You visited 1 branch of the dungeon, and saw 4 of its levels.

You collected 107 gold pieces.

Inventory:

Hand Weapons
 a - a +0 hand axe
 g - a +4 dagger of protection
 n - a +0 war axe (weapon)
Missiles
 h - 15 poisoned darts (quivered)
Armour
 i - a +2 pair of boots (worn)
 t - a +0 leather armour of poison resistance (worn)
Wands
 r - a wand of iceblast (8)
Scrolls
 e - 2 scrolls of teleportation {unknown}
 f - 2 scrolls of noise {unknown}
 j - a scroll of blinking {unknown}
 o - a scroll of identify {unknown}
 p - a scroll of butterflies {unknown}
 s - a scroll of immolation {unknown}
Potions
 b - a potion of degeneration {unknown}
 c - a potion of brilliance {unknown}
 d - a potion of curing {unknown}
 k - a potion of invisibility {unknown}
 l - a potion of heal wounds {unknown}
 m - 2 potions of magic {unknown}


   Skills:
 - Level 3.6 Fighting
 * Level 8.3 Axes
 - Level 2.4 Armour
 - Level 2.1 Dodging


You had 5 spell levels left.
You didn't know any spells.
Your spell library contained the following spells:

 Spells                   Type           Power      Damage    Failure   Level
 Scorch                   Fire           0%         2d5       69%         2
 Sublimation of Blood     Necr           0%         N/A       69%         2
 Wereblood                Tmut           0%         N/A       69%         2
 Portal Projectile        Hex/Tloc       0%         N/A       89%         3
 Tukima's Dance           Hex            0%         N/A       89%         3
 Flame Wave               Conj/Fire      0%         2d4       100%        4
 Blade Hands              Tmut           0%         N/A       100%        5
 Summon Cactus Giant      Summ           0%         N/A       100%        6
 Summon Hydra             Summ           0%         N/A       100%        7


Dungeon Overview and Level Annotations

Branches:
Dungeon (4/15)             Temple (0/1) D:4

Altars:
Sif Muna
Xom

Annotations:
D:4 Grinder


Innate Abilities, Weirdness & Mutations

You have a pair of horns on your head.
You reflexively headbutt those who attack you in melee.


Message History

Unknown command.
Found a scale mail.
Grinder hits you.
You writhe in agony.
You see here a book of Touch.
A red film seems to cover your vision as you go berserk!
You feel yourself moving faster!
You feel mighty!
Grinder blinks!
You feel a strong urge to attack something.
You feel your anger nearly subside.
You are no longer berserk.
You are exhausted.
You feel yourself slow down. Grinder hits you!
You writhe in agony.
You slash Grinder!
Grinder is moderately wounded.
Grinder gestures at you. Pain shoots through your body!
Grinder closely misses you.
You completely miss Grinder.
Grinder is moderately wounded.
Grinder hits you!
You writhe in agony.
You hit Grinder.
Grinder is moderately wounded.
Grinder closely misses you. Grinder completely misses you.
You slash Grinder!
Grinder is heavily wounded.
Grinder zaps a wand.
The puff of flame hits you.
Grinder rolls her eyes.
Grinder hits you but does no damage.
You slash Grinder!
Grinder is almost dead.
Grinder misses you.
You hit Grinder.
Grinder is almost dead.
Grinder hits you!
* * * LOW HITPOINT WARNING * * *
You writhe in agony.
* * * LOW HITPOINT WARNING * * *
Grinder hits you.
* * * LOW HITPOINT WARNING * * *
You closely miss Grinder. Your headbutt misses Grinder.
Grinder is almost dead.
Grinder hits you!
You die...

#.....5.#
#.......#
.........#
.#.......#
#.......######
#....[.......#
.# #.......# .#
.##....5..##.##
..[....@.......
.##.......##.#.#
#.......##.#.#
#......:...#.#
#######.#.#..#
#.##.#.#
#......# ###
..####.....# ##
#.. #
#..........#
##.##.#


You could see Grinder.

Vanquished Creatures
  A scorpion (D:4)
  Ijyb (D:4)
  2 iguanas
  6 adders
  4 worms
  2 dart slugs
  8 orcs
  4 bats
  8 endoplasms
  A giant cockroach (D:4)
  7 goblins
  5 hobgoblins
  2 jackals (D:1)
  4 quokkas
  9 ball pythons
  2 frilled lizards
  11 kobolds
  6 rats
  2 butterflies (D:3)
85 creatures vanquished.

Vanquished Creatures (others)
  4 fungi (D:1)
  2 plants (D:1)
6 creatures vanquished.

Grand Total: 91 creatures vanquished

Notes
Turn   | Place    | Note
-------+----------+-------------------------------------------
     0 | D:1      | writerjack the Minotaur Berserker began the quest for the
                  | Orb.
     0 | D:1      | Reached XP level 1. HP: 19/19 MP: 0/0
    66 | D:1      | Reached skill level 4 in Axes
   182 | D:1      | Found a faded altar of an unknown god.
   228 | D:1      | Reached XP level 2. HP: 26/26 MP: 1/1
   515 | D:1      | Reached skill level 5 in Axes
   580 | D:1      | Reached ** piety under Trog
   929 | D:1      | Reached XP level 3. HP: 26/31 MP: 2/2
  1727 | D:2      | Reached skill level 6 in Axes
  1727 | D:2      | Reached XP level 4. HP: 27/39 MP: 3/3
  2359 | D:4      | Noticed Grinder
  2360 | D:4      | Paralysed by Grinder for 2 turns
  2454 | D:3      | Reached skill level 7 in Axes
  2454 | D:3      | Reached XP level 5. HP: 43/45 MP: 4/4
  2508 | D:3      | Found a shimmering altar of Xom.
  2546 | D:3      | Found a shimmering blue altar of Sif Muna.
  2565 | D:3      | Reached *** piety under Trog
  2897 | D:4      | Noticed Ijyb
  2904 | D:4      | Killed Ijyb
  2905 | D:4      | Reached skill level 8 in Axes
  3102 | D:4      | Found a staircase to the Ecumenical Temple.
  3143 | D:4      | Reached XP level 6. HP: 12/51 MP: 5/5
  3483 | D:4      | Paralysed by Grinder for 2 turns
  3498 | D:4      | Slain by Grinder

Illustrated notes

Levels and vault maps discovered:
D:1:      lightli_arrival_windingriver, layout_basic,
          dreamdust_ecumenical_altar_hidden_monk_grotto
D:2:      layout_loops_ring, st_stairs_13, kennysheep_generic_room_12
D:3:      layout_rooms, xom_butterflies, mainiacjoe_overflow_24_doors
D:4:      layout_loops_cross, chequers_temple_overflow_minitemple,
          minmay_temple_entry_stoned_glass, eino_small_chamber_without_monster,
          uniq_ijyb, uniq_grinder

Skill      XL: |  1  2  3  4  5 |
---------------+----------------+-----
Axes           | 4 5 6 7 8 |  8.3
Fighting       | |  3.6
Armour         | |  2.4
Dodging        | |  2.1

Action                   |  1- 3 |  4- 6 || total
-------------------------+-------+-------++-------
Melee: Hand axe          |    84 |    59 ||   143
       Headbutt          |    11 |    17 ||    28
       Punch             |     1 |       ||     1
       War axe           |       |    51 ||    51
Invok: Berserk           |       |     1 ||     1
Armor: Animal skin       |    11 |    19 ||    30
       Leather armour    |       |     8 ||     8
       Skin              |       |     2 ||     2
Dodge: Dodged            |    38 |    45 ||    83
